 Dungeon Crawl Stone Soup version 0.19.5 (webtiles) character file.

44 devil0150 the Magician (level 3, -1/21 HPs)
             Began as a High Elf Wizard on Apr 11, 2017.
             Slain by a gnoll
             ... wielding a +0 flail
              (10 damage)
             ... on level 1 of the Dungeon.
             The game lasted 00:05:35 (1769 turns).

devil0150 the Magician (High Elf Wizard)            Turns: 1769, Time: 00:05:35

Health: -1/21      AC:  4    Str:  6    XL:     3   Next: 39%
Magic:  0/10       EV: 12    Int: 23    God:
Gold:   75         SH:  0    Dex: 13    Spells: 4 memorised, 4 levels left

rFire  . . .     SeeInvis .     (no weapon)
rCold  . . .     Gourm    .     a - +0 robe
rNeg   . . .     Faith    .     (no shield)
rPois  .         Spirit   .     b - +0 hat
rElec  .         Reflect  .     h - +1 cloak
rCorr  .         Harm     .     (no gloves)
MR     .....                    (no boots)
Stlth  ++........               (no amulet)
                                (no ring)
                                (no ring)

@: no status effects
A: no striking features
a: no special abilities


You were on level 1 of the Dungeon.
You were not hungry.

You visited 1 branch of the dungeon, and saw 2 of its levels.

You collected 75 gold pieces.

Inventory:

Armour
 a - a +0 robe (worn)
 b - a +0 hat (worn)
 h - a +1 cloak (worn)
Potions
 e - a potion of berserk rage
 f - a potion of curing {unknown}
 g - 2 potions of might {unknown}
 i - a potion of cure mutation {unknown}
 j - a potion of mutation {unknown}
 l - a potion of brilliance {unknown}
Books
 c - a book of Minor Magic

   Spells                             Type                      Level
   a - Magic Dart                     Conjuration                  1
   b - Blink                          Translocation                2
   c - Call Imp                       Summoning                    2
   d - Repel Missiles                 Charms/Air                   2
   e - Slow                           Hexes                        2
   f - Conjure Flame                  Conjuration/Fire             3
   g - Mephitic Cloud                 Conjuration/Poison/Air       3
Comestibles
 d - 4 bread rations
 k - a chunk of flesh


   Skills:
 + Level 2.1 Dodging
 + Level 2.4 Stealth
 + Level 4.7 Spellcasting
 + Level 2.0 Conjurations
 + Level 0.8 Summonings
 + Level 1.1 Translocations


You had 4 spell levels left.
You knew the following spells:

 Your Spells              Type           Power        Failure   Level  Hunger
a - Magic Dart            Conj           ##..         4%          1    None
b - Call Imp              Summ           #.......     12%         2    None
c - Blink                 Tloc           N/A          12%         2    None
d - Slow                  Hex            #.......     17%         2    None


Dungeon Overview and Level Annotations

Branches:
Dungeon (2/15)

Altars:


Message History

The magic dart hits the gnoll.
The gnoll is heavily wounded.
The gnoll hits you with a flail!
Casting: Magic Dart
Confirm with . or Enter, or press ? or * to list all spells.
Aiming: Magic Dart
Press: ? - help, Shift-Dir - straight line, f/p - gnoll
Aim: a gnoll, wielding a flail and wearing a robe (heavily wounded)
The magic dart hits the gnoll.
The gnoll is heavily wounded.
The gnoll hits you with a flail.
Casting: Magic Dart
Confirm with . or Enter, or press ? or * to list all spells.
Aiming: Magic Dart
Press: ? - help, Shift-Dir - straight line, f/p - gnoll
Aim: a gnoll, wielding a flail and wearing a robe (heavily wounded)
The magic dart hits the gnoll.
The gnoll is severely wounded.
The gnoll hits you with a flail!
You die...

.'......# .#......#
.#......# ........#
........# ...)....#
........#
##..###################
.รท.............g@.....#
##...###############.##
##..# #.# ###..# #.#
...#># #.# ##.#.# #.#
#.#.# #.# #.#.# #.#
#.#.# #.#


You could see a gnoll.

Vanquished Creatures
  A gnoll (D:2)
  2 dart slugs
  A leopard gecko (D:1)
  4 goblins
  4 hobgoblins
  4 jackals (D:1)
  4 kobolds
  A bat (D:1)
  3 frilled lizards
  4 rats
28 creatures vanquished.

Notes
Turn   | Place    | Note
-------+----------+-------------------------------------------
     0 | D:1      | devil0150 the High Elf Wizard began the quest for the Orb.
     0 | D:1      | Reached XP level 1. HP: 11/11 MP: 6/6
   251 | D:1      | Reached skill level 4 in Spellcasting
   280 | D:1      | Reached XP level 2. HP: 8/17 MP: 1/8
  1258 | D:1      | Learned a level 2 spell: Call Imp
  1261 | D:1      | Learned a level 2 spell: Blink
  1264 | D:1      | Learned a level 2 spell: Slow
  1439 | D:2      | Reached XP level 3. HP: 12/21 MP: 2/10
  1769 | D:1      | Slain by a gnoll

Skill      XL: |  1  2  3 |
---------------+----------+-----
Spellcasting   | 4 |  4.7
Conjurations   | 2 |  2.0
Dodging        | |  2.1
Stealth        | |  2.4
Summonings     | |  0.8
Translocations | |  1.1

Action                   || total
-------------------------++-------
Melee: Whip              ||     6
 Cast: Magic Dart        ||    80
  Use: Scroll            ||     5
  Eat: Chunk             ||     2
Armor: Robe              ||     4
Dodge: Dodged            ||    15
